 Dungeon Crawl Stone Soup version 0.23-a0-336-g43d87f4c55 (webtiles) character file.

89 Kaname the Magician (level 4, 20/30 HPs)
             Began as a Demonspawn Wizard on Oct 18, 2018.
             Quit the game on level 2 of the Dungeon.
             The game lasted 00:06:08 (1909 turns).

Kaname the Magician (Demonspawn Wizard)             Turns: 1909, Time: 00:06:09

Health: 20/30      AC:  2    Str:  7    XL:     4   Next: 31%
Magic:  0/10       EV: 14    Int: 20    God:
Gold:   37         SH:  0    Dex: 12    Spells: 5/11 levels left

rFire    . . .     SeeInvis .   m - +0 trident
rCold    . . .     Gourm    .   (no shield)
rNeg     . . .     Faith    .   a - +0 robe
rPois    .         Spirit   .   b - +0 hat
rElec    .         Reflect  .   (no cloak)
rCorr    .         Harm     .   (no gloves)
MR       .....                  (no boots)
Stlth    ++........             (no amulet)
HPRegen  0.10/turn              (no ring)
MPRegen  0.12/turn              (no ring)

@: very slightly contaminated
A: horns 1, repulsion field 1
a: no special abilities


You were on level 2 of the Dungeon.
You were not hungry.

You visited 1 branch of the dungeon, and saw 2 of its levels.

You collected 37 gold pieces.

Inventory:

Hand Weapons
 m - a +0 trident (weapon)
Armour
 a - a +0 robe (worn)
 b - a +0 hat (worn)
Jewellery
 g - an uncursed amulet of faith
Scrolls
 c - a scroll of blinking {unknown}
 e - a scroll of immolation {unknown}
 h - 2 scrolls of identify {unknown}
 i - 2 scrolls of teleportation {unknown}
 k - 2 scrolls of fear {unknown}
 o - a scroll of remove curse {unknown}
Potions
 f - a potion of lignification {unknown}
 j - 2 potions of invisibility {unknown}
 l - a potion of heal wounds {unknown}
 n - a potion of haste {unknown}
Comestibles
 d - 3 rations


   Skills:
 - Level 0.2 Fighting
   Level 0.1 Maces & Flails
 - Level 1.8 Dodging
 - Level 1.9 Stealth
 - Level 4.0 Spellcasting
 + Level 2.7 Conjurations
   Level 1.0 Summonings
 - Level 0.8 Translocations


You had 5 spell levels left.
You knew the following spells:

 Your Spells              Type           Power        Failure   Level  Hunger
a - Magic Dart            Conj           ###.         4%          1    None
b - Blink                 Tloc           N/A          14%         2    #......
c - Mephitic Cloud        Conj/Pois/Air  #.......     26%         3    ###....

Your spell library contained the following spells:

 Spells                   Type           Power        Failure   Level  Hunger
 Call Imp                 Summ           #.......     13%         2    #......
 Slow                     Hex            #.......     19%         2    #......
 Conjure Flame            Conj/Fire      #.......     22%         3    ###....


Dungeon Overview and Level Annotations

Branches:
Dungeon (2/15)

Altars:


Innate Abilities, Weirdness & Mutations

You have a pair of small horns on your head.
You are surrounded by a mild repulsion field. (EV +2)


Message History

Aim: Natasha (severely wounded, confused)
You reach to attack!
You barely miss Natasha.
Natasha is severely wounded.
Casting: Magic Dart (safe; 5% risk of failure)
Confirm with . or Enter, or press ? or * to list all spells.
Aiming: Magic Dart (safe; 5% risk of failure)
Press: ? - help, Shift-Dir - straight line, f/p - Natasha
Aim: Natasha (severely wounded, confused)
The magic dart hits Natasha.
Natasha is almost dead.
Attack whom?
Press: ? - help, Dir - move target cursor, f/p - Natasha
Aim: Natasha (almost dead, confused)
You reach to attack!
You hit Natasha.
You kill Natasha!
Suddenly Natasha's spirit rises from her lifeless body.
You have reached level 4!
You feel agile.
Your demonic ancestry asserts itself...
You begin to radiate repulsive energy.
Are you sure you want to abandon this character and quit the game? (Confirm

#..#.#.###. #......#
#. #.##.#####.
#.##.##....
#.##.##.### #.##>##.#
##### ##.##.##.#
.#####...####...#.##.#
.....†.@.....%..#.##.#
######...####...#.##.#
##### ##### #.# # #.#
#.##.# #....# ####.#
#.# #.###


There were no monsters in sight!

Vanquished Creatures
  Natasha (D:2)
  2 adders (D:2)
  4 leopard geckos
  3 giant cockroaches (D:1)
  5 goblins (D:1)
  6 hobgoblins
  2 jackals (D:2)
  A kobold (D:1)
  10 bats
  4 frilled lizards
  2 rats
40 creatures vanquished.

Notes
Turn   | Place    | Note
-------+----------+-------------------------------------------
     0 | D:1      | Kaname the Demonspawn Wizard began the quest for the Orb.
     0 | D:1      | Reached XP level 1. HP: 13/13 MP: 4/4
   328 | D:1      | Gained mutation: You have a pair of small horns on your
                  | head. [demonic ancestry]
   328 | D:1      | Reached XP level 2. HP: 19/19 MP: 0/6
  1135 | D:1      | Reached XP level 3. HP: 8/24 MP: 5/8
  1328 | D:1      | Learned a level 2 spell: Blink
  1332 | D:1      | Learned a level 3 spell: Mephitic Cloud
  1345 | D:2      | Reached skill level 4 in Spellcasting
  1839 | D:2      | Noticed Natasha
  1908 | D:2      | Killed Natasha
  1908 | D:2      | Gained mutation: You are surrounded by a mild repulsion
                  | field. (EV +2) [demonic ancestry]
  1908 | D:2      | Reached XP level 4. HP: 20/30 MP: 0/10
  1909 | D:2      | Quit the game

Vault maps used:
D:1:      psy_arrival_radial01, minmay_fountain_box
D:2:      lemuel_doored_altar, minmay_box_of_dots, uniq_natasha

Skill      XL: |  1  2  3 |
---------------+----------+-----
Spellcasting   | 4 |  4.0
Conjurations   | 2 |  2.7
Fighting       | |  0.2
Maces & Flails | |  0.1
Dodging        | |  1.8
Stealth        | |  1.9
Summonings     | |  1.0
Translocations | |  0.8

Action                   |  1- 3 |  4- 6 || total
-------------------------+-------+-------++-------
Melee: Mace              |    14 |       ||    14
       Spear             |    34 |       ||    34
       Headbutt          |     8 |       ||     8
       Trident           |    28 |       ||    28
 Cast: Magic Dart        |    69 |       ||    69
       Mephitic Cloud    |     2 |       ||     2
  Eat: Chunk             |     3 |       ||     3
Armor: Robe              |    14 |       ||    14
Dodge: Dodged            |    99 |       ||    99

Table legend:
 A = Non-vault XP
 B = Vault XP
 C = Vault XP percentage of total XP
 D = Non-vault monster count
 E = Vault monster count
 F = Vault count percentage of total count
                 A         B        C        D         E       F
            +---------+---------+-------+---------+---------+-------
      Total |      93 |      35 |  27.3 |      39 |       1 |   2.5
            +---------+---------+-------+---------+---------+-------
        D:1 |      41 |       0 |   0.0 |      23 |       0 |   0.0
        D:2 |      52 |      35 |  40.2 |      16 |       1 |   5.9
            +---------+---------+-------+---------+---------+-------
